 Dungeon Crawl Stone Soup version 0.27-a0-385-g3208abaabc (webtiles) character file.

Game seed: 3973771515552268525

2679 Fanghorn the Thaumaturge (level 9, -1/61 HPs)
             Began as a Mummy Necromancer on Feb 19, 2021.
             Was a Priest of Kikubaaqudgha.
             Slain by a two-headed ogre
             ... wielding a +0 giant club
              (22 damage)
             ... on level 8 of the Dungeon.
             The game lasted 00:57:19 (7053 turns).

Fanghorn the Thaumaturge (Mummy Necromancer)        Turns: 7053, Time: 00:57:19

Health: -1/61      AC: 10    Str: 11    XL:     9   Next: 37%
Magic:  2/22       EV: 12    Int: 17    God:    Kikubaaqudgha [***...]
Gold:   347        SH:  0    Dex: 13    Spells: 16/26 levels left

rFire    . . .     SeeInvis .   g - +0 mace
rCold    . . .     Faith    .   (no shield)
rNeg     + + +     Spirit   .   o - +0 troll leather armour
rPois    ∞         Reflect  .   m - +1 helmet
rElec    .         Harm     .   (no cloak)
rCorr    .         Rampage  .   i - +0 pair of gloves
Will     +....                  j - +1 pair of boots
Stlth    ++........             (no amulet)
HPRegen  1.20/turn              f - ring of fire
MPRegen  0.18/turn              p - ring of wizardry

@: marked
A: no potions, fire vulnerability, cold resistance 1, negative energy resistance
3, torment resistance, unbreathing
a: Renounce Religion, Receive Corpses


You were on level 8 of the Dungeon.
You worshipped Kikubaaqudgha.
Kikubaaqudgha was most pleased with you.
You visited 1 branch of the dungeon, and saw 8 of its levels.

You collected 347 gold pieces.

Inventory:

Hand Weapons
 d - a +1 vorpal hand axe
 g - a +0 mace (weapon)
 s - a +0 great mace
Missiles
 c - 2 boomerangs (quivered)
Armour
 a - a +0 robe
 e - a +0 leather armour
 h - a +0 helmet
 i - a +0 pair of gloves (worn)
 j - a +1 pair of boots (worn)
 m - a +1 helmet (worn)
 n - a +0 leather armour
 o - a +0 troll leather armour (worn)
 v - a +0 cloak
Jewellery
 f - a ring of fire (left hand)
 p - a ring of wizardry (right hand)
Wands
 u - a wand of polymorph (14)
 x - a wand of iceblast (8)
Scrolls
 b - 2 scrolls of enchant armour {unknown}
 k - 2 scrolls of magic mapping
 l - a scroll of enchant weapon {unknown}
 q - a scroll of noise {unknown}
 w - a scroll of amnesia {unknown}
 z - a scroll of random uselessness
 B - a scroll of identify


   Skills:
 + Level 1.8 Fighting
 + Level 2.4 Maces & Flails
 + Level 2.0 Throwing
 * Level 4.1 Armour
 + Level 2.1 Dodging
 + Level 1.7 Stealth
 + Level 9.1 Spellcasting
 + Level 8.6 Necromancy
 + Level 0.2 Evocations


You had 16 spell levels left.
You knew the following spells:

 Your Spells              Type           Power        Failure   Level
a - Pain                  Necr           100%         1%          1
b - Animate Dead          Necr           18%          1%          4
c - Vampiric Draining     Necr           18%          1%          3
d - Corpse Rot            Necr/Air       N/A          1%          2

Your spell library contained the following spells:

 Spells                   Type           Power        Failure   Level
 Animate Skeleton         Necr           74%          1%          1
 Dispel Undead            Necr           37%          1%          4
 Agony                    Necr           37%          4%          5
 Excruciating Wounds      Necr           18%          4%          5
 Simulacrum               Ice/Necr       11%          73%         6


Dungeon Overview and Level Annotations

Branches:
Dungeon (8/15)             Temple (0/1) D:6
   Lair: D:8-11

Altars:
Ashenzari
Fedhas
Hepliaklqana
Kikubaaqudgha
Makhleb
Trog
Uskayaw
Zin
The Shining One

Shops:
D:4 :   D:8 [

Annotations:
D:4 Duvessa, Menkaure, Robin


Innate Abilities, Weirdness & Mutations

You do not drink.
Your flesh is vulnerable to fire.
You are immune to poison.
Your flesh is cold resistant. (rC+)
You are immune to negative energy. (rN+++)
You are immune to unholy pain and torment.
You can survive without breathing.


Message History

The centaur zombie hits you.
Casting: Pain (safe; 1% risk of failure)
Confirm with . or Enter, or press ? or * to list all spells.
Aiming: Pain (safe; 1% risk of failure)
Press: ? - help, Shift-Dir - straight line, f/p - two-headed ogre
Aim: a two-headed ogre, wielding a +0 giant club and a +0 giant spiked club (severely wounded, chance to affect: 71%)
The two-headed ogre writhes in agony.
The two-headed ogre hits you with a +0 giant club!
The two-headed ogre hits you with a +0 giant spiked club!!
The worker ant bites you. The adder zombie barely misses you.
The centaur zombie barely misses you.
A howler monkey comes into view.
Casting: Pain (safe; 1% risk of failure)
Confirm with . or Enter, or press ? or * to list all spells.
Aiming: Vampiric Draining (safe; 1% risk of failure)
Press: ? - help, Shift-Dir - straight line, f/p - two-headed ogre
Aim: a two-headed ogre, wielding a +0 giant club and a +0 giant spiked club (severely wounded)
The two-headed ogre is severely wounded.
You feel life coursing into your body.
The worker ant bites you but does no damage.
The howler monkey hoots and howls with incredible vigour!
The two-headed ogre hits you with a +0 giant club!
* * * LOW HITPOINT WARNING * * *
The two-headed ogre hits you with a +0 giant spiked club.
* * * LOW HITPOINT WARNING * * *
The adder zombie closely misses you.
The centaur zombie hits you but does no damage.
Casting: Vampiric Draining (safe; 1% risk of failure)
Confirm with . or Enter, or press ? or * to list all spells.
Aiming: Vampiric Draining (safe; 1% risk of failure)
Press: ? - help, Shift-Dir - straight line, f/p - two-headed ogre
Aim: a two-headed ogre, wielding a +0 giant club and a +0 giant spiked club (severely wounded)
The two-headed ogre is almost dead.
You feel life coursing into your body.
The worker ant bites you but does no damage.
The centaur zombie hits you but does no damage.
The adder zombie bites you but does no damage.
The two-headed ogre hits you with a +0 giant club!!
You die...
Kikubaaqudgha rasps: "You have failed me!
Welcome... oblivion!"

##..# ?(..? #..( ##...# .......
#... #
#########....###..<[.....###...
.###...####..#)..#.............>.
.###....###.o#.5..##..# #......<.
.###....###O.#.......####(.......
..#...#.=##..#.............?.....
.....##..#@.##.ZOZZ.### #.......o
#...###$...##...@...# #/.......
#...###...##...hB...# #........
#...#######.!.h....∩## #.....[o.
##### #...........$... .....o..o
......l(..........
#.#.#(h............
....#......).......
#.............###.#
#.#...........#


You could see a two-headed ogre, 3 howler monkeys, a worker ant, a white imp, an
adder zombie, a centaur zombie, a leopard gecko and an adder skeleton.

Vanquished Creatures
  Harold (D:8)
  A troll (D:6)
  A wyvern (D:7)
  2 orc warriors
  2 sky beasts
  An ogre (D:5)
  Blork the orc (D:4)
  A bullfrog (D:6)
  A scorpion (D:4)
  Dowan (D:4)
  A water moccasin skeleton (D:5)
  A bullfrog zombie (D:7)
  A centaur zombie (D:5)
  4 hounds
  4 orc priests
  4 iguanas
  3 orc wizards
  7 worker ants
  A hound skeleton (D:6)
  A worker ant zombie (D:2)
  8 adders
  An ufetubus (D:6)
  An ooze (D:3)
  4 dart slugs
  3 leopard geckos
  23 orcs
  15 bats
  7 giant cockroaches
  15 goblins
  11 hobgoblins
  7 jackals
  3 kobolds
  5 quokkas
  A ball python (D:3)
  8 frilled lizards
  A leopard gecko skeleton (D:7)
  8 rats
160 creatures vanquished.

Notes
Turn   | Place    | Note
-------+----------+-------------------------------------------
     0 | D:1      | Fanghorn the Mummy Necromancer began the quest for the Orb.
     0 | D:1      | Reached XP level 1. HP: 13/13 MP: 4/4
   230 | D:1      | Reached XP level 2. HP: 19/19 MP: 3/5
   751 | D:1      | Reached skill level 3 in Spellcasting
  1111 | D:1      | Reached XP level 3. HP: 22/24 MP: 1/7
  1235 | D:2      | Found an ancient bone altar of Kikubaaqudgha.
  1262 | D:2      | Became a worshipper of Kikubaaqudgha
  1305 | D:2      | Reached skill level 1 in Throwing
  1852 | D:2      | Reached XP level 4. HP: 24/30 MP: 0/9
  1857 | D:2      | Learned a level 4 spell: Animate Dead
  1861 | D:2      | Learned a level 3 spell: Vampiric Draining
  2154 | D:2      | Found a bloodstained altar of Trog.
  2325 | D:3      | Reached skill level 5 in Necromancy
  2430 | D:3      | Reached * piety under Kikubaaqudgha
  2430 | D:3      | Identified Kikubaaqudgha's Reference Book on Stolen Souls
                  | (Kikubaaqudgha gifted it to you on level 3 of the Dungeon)
  2430 | D:3      | Received a gift from Kikubaaqudgha
  2591 | D:3      | Reached skill level 4 in Spellcasting
  2680 | D:3      | Learned a level 2 spell: Corpse Rot
  2738 | D:3      | Reached XP level 5. HP: 35/35 MP: 7/11
  3587 | D:4      | Reached skill level 1 in Fighting
  3587 | D:4      | Reached XP level 6. HP: 27/43 MP: 3/12
  3713 | D:4      | Found Egew's Book Shoppe.
  3808 | D:4      | Reached ** piety under Kikubaaqudgha
  3809 | D:4      | Noticed Menkaure
  3865 | D:4      | Reached skill level 5 in Spellcasting
  4093 | D:4      | Noticed Blork the orc
  4112 | D:4      | Killed Blork the orc
  4140 | D:4      | Noticed Dowan
  4158 | D:4      | Reached skill level 1 in Maces & Flails
  4270 | D:4      | Killed Dowan
  4271 | D:4      | Reached skill level 1 in Armour
  4271 | D:4      | Reached XP level 7. HP: 47/48 MP: 11/15
  4364 | D:4      | Noticed Duvessa
  4391 | D:4      | Noticed Robin
  4408 | D:5      | Entered Level 5 of the Dungeon
  4628 | D:5      | Reached skill level 6 in Spellcasting
  5229 | D:6      | Noticed a troll
  5241 | D:6      | Killed a troll
  5242 | D:6      | Reached skill level 7 in Spellcasting
  5242 | D:6      | Reached XP level 8. HP: 24/54 MP: 6/18
  5413 | D:6      | Found a staircase to the Ecumenical Temple.
  5740 | D:6      | Found a glowing silver altar of Zin.
  5960 | D:7      | Reached *** piety under Kikubaaqudgha
  5960 | D:7      | Identified Kikubaaqudgha's Guide on Dark Secrets
                  | (Kikubaaqudgha gifted it to you on level 7 of the Dungeon)
  5960 | D:7      | Received a gift from Kikubaaqudgha
  6031 | D:7      | Found a glowing golden altar of the Shining One.
  6193 | D:7      | Found a blossoming altar of Fedhas.
  6197 | D:7      | Found a hazy altar of Hepliaklqana.
  6197 | D:7      | Found a hide-covered altar of Uskayaw.
  6208 | D:7      | Found a broken altar of Ashenzari.
  6217 | D:7      | Found a burning altar of Makhleb.
  6296 | D:7      | Reached skill level 8 in Spellcasting
  6965 | D:8      | Reached XP level 9. HP: 56/61 MP: 14/21
  6965 | D:8      | Noticed Harold
  6989 | D:8      | Found Veloq Ciohipp's Antique Armour Shop.
  7023 | D:8      | Noticed a two-headed ogre
  7045 | D:8      | Killed Harold
  7046 | D:8      | Reached skill level 9 in Spellcasting
  7053 | D:8      | Slain by a two-headed ogre

Illustrated notes

Levels and vault maps discovered:
D:1:      elethiomel_arrival_infinity_welcomes_careful_drivers, layout_basic,
          dk_noncrumbling_4, minmay_misc_feat_columns, st_stairs_5
D:2:      layout_basic, lightli_temple_of_fire, nicolae_overflow_crystal_walls
D:3:      minmay_bubble_buster, layout_rooms
D:4:      layout_basic, serial_shops, shop, chequers_serial_rivers_small_b,
          uniq_blork_the_orc, uniq_menkaure, uniq_robin, uniq_duvessa
D:5:      minmay_chambers_of_fours, layout_basic
D:6:      layout_basic, zin_academy, minmay_temple_entry_statues_fountains,
          minmay_misc_feat_pillars
D:7:      layout_loops_ring, minmay_overflow_temple_star_hex,
          nicolae_tso_carved_into_rock
D:8:      layout_rooms, serial_shops, shop, amcnicky_mini_rare_corridor_liquid,
          hangedman_glass_teeth, uniq_harold

Skill      XL: |  1  2  3  4  5  6  7  8  9 |
---------------+----------------------------+-----
Spellcasting   | 3 4 5 7 8 9 |  9.1
Throwing       | 1 2 |  2.0
Necromancy     | 5 6 7 8 |  8.6
Fighting       | 1 |  1.8
Maces & Flails | 1 2 |  2.4
Armour         | 1 2 3 4 |  4.1
Dodging        | 2 |  2.1
Stealth        | |  1.7
Evocations     | |  0.2

Action                   |  1- 3 |  4- 6 |  7- 9 || total
-------------------------+-------+-------+-------++-------
Melee: Mace              |    34 |    34 |    69 ||   137
Throw: Boomerang         |    21 |    21 |    18 ||    60
       Dart              |       |    14 |    18 ||    32
 Cast: Pain              |    60 |   133 |   135 ||   328
       Corpse Rot        |       |     2 |     1 ||     3
       Animate Dead      |       |     4 |     2 ||     6
       Vampiric Draining |       |     2 |    15 ||    17
Evoke: Wand              |       |       |     3 ||     3
  Use: Scroll            |       |     4 |     8 ||    12
 Stab: Sleeping          |     4 |     1 |     1 ||     6
Armor: Robe              |    27 |    19 |       ||    46
       Leather armour    |       |       |    19 ||    19
       Troll leather arm |       |       |    65 ||    65
Dodge: Dodged            |    36 |    51 |   105 ||   192

Table legend: (Time is in decaauts)
 A = Elapsed time spent in this place.
 B = Non-inter-level travel time spent in this place.
 C = Inter-level travel time spent in this place.
 D = Time resting spent in this place.
 E = Time spent auto-exploring this place.
 F = Levels seen in this place.
 G = Mean time per level.
                   A        B        C        D        E       F      G
               +--------+--------+--------+--------+--------+-----+--------+
         Total |   7116 |   7034 |     82 |   1203 |   4326 |   8 |  889.5 |
       Dungeon |   7116 |   7034 |     82 |   1203 |   4326 |   8 |  889.5 |
               +--------+--------+--------+--------+--------+-----+--------+

Top non-repeatable levels by time:
     D:3: 1415 daAuts
     D:1: 1228 daAuts
     D:7: 1109 daAuts
     D:2: 961 daAuts
     D:4: 838 daAuts
     D:5: 751 daAuts
     D:6: 696 daAuts
     D:8: 115 daAuts
